 Dungeon Crawl Stone Soup version 0.25-a0-42-g6c54e25894 (webtiles) character file.

Game seed: 15810441950618675155, levelgen mode: deterministic

13699 GrandHerb the Covert (level 11, -3/47 HPs)
             Began as a Spriggan Enchanter on Oct 22, 2019.
             Was an Elder of Dithmenos.
             Killed from afar by a molten gargoyle (28 damage)
             ... with a bolt of magma
             ... in a volcano on Oct 23, 2019.
             The game lasted 01:36:40 (11624 turns).

GrandHerb the Covert (Spriggan Enchanter)          Turns: 11624, Time: 01:36:42

Health: -3/47      AC:  5    Str:  4    XL:     11   Next: 79%
Magic:  2/25       EV: 28    Int: 16    God:    Dithmenos [****..]
Gold:   686        SH:  8    Dex: 21    Spells: 14/29 levels left

rFire    . . .     SeeInvis +   K - +2 dagger (elec)
rCold    + + .     Gourm    .   H - +1 buckler of Grottiness {*Corrode +Inv Slay+3}
rNeg     . . .     Faith    .   b - +2 robe {rC+}
rPois    .         Spirit   .   (helmet restricted)
rElec    .         Reflect  .   s - +0 cloak
rCorr    .         Harm     .   (gloves unavailable)
MR       +....                  (boots unavailable)
Stlth    ++++++++..             h - amulet of the acrobat
HPRegen  0.15/turn              f - ring of protection from cold
MPRegen  0.19/turn              y - ring of flight

@: flying, wreathed by umbra, very quick
A: very small, unfitting armour, see invisible, herbivore, speed 3, slow
metabolism 2
a: Shadow Step, Renounce Religion, Evoke Invisibility, Stop Flying


You were in a volcano.
You worshipped Dithmenos.
Dithmenos was greatly pleased with you.
You were not hungry.

You visited 3 branches of the dungeon, and saw 15 of its levels.
You also visited: Volcano.

You collected 686 gold pieces.

Inventory:

Hand Weapons
 a - a +1 dagger
 J - a +3 dagger of chaos
 K - a +2 dagger of electrocution (weapon)
Missiles
 l - 26 boomerangs (quivered)
 p - 39 poisoned darts
Armour
 b - a +2 robe of cold resistance (worn)
 s - a +0 cloak (worn)
 B - a +0 robe of positive energy
 H - the +1 buckler of Grottiness (worn) {*Corrode +Inv Slay+3}
   (You found it on level 9 of the Dungeon)

   It affects your accuracy and damage with ranged weapons and melee attacks
   (+3).
   It lets you turn invisible.
   It may corrode you when you take damage.
Jewellery
 f - a ring of protection from cold (left hand)
 h - an amulet of the acrobat (around neck)
 u - an uncursed ring of poison resistance
 y - a ring of flight (right hand)
Wands
 t - a wand of disintegration (7)
 A - a wand of flame (87)
 D - a wand of acid (3)
 E - a wand of polymorph (7)
 I - a wand of paralysis (11)
 L - a wand of random effects (19)
Scrolls
 e - 3 scrolls of fog
 g - 3 scrolls of enchant weapon
 i - 4 scrolls of remove curse
 k - 4 scrolls of amnesia
 m - 4 scrolls of teleportation
 o - a scroll of random uselessness
 w - 3 scrolls of identify
 M - a scroll of noise
 N - a scroll of enchant armour
Potions
 c - 3 potions of curing
 j - 2 potions of flight {unknown}
 n - a potion of mutation {unknown}
 q - 2 potions of invisibility
 r - 2 potions of brilliance {unknown}
 v - 4 potions of haste {unknown}
 x - a potion of agility {unknown}
 z - 2 potions of heal wounds
 C - a potion of magic {unknown}
 F - 4 potions of lignification
 G - a potion of resistance {unknown}
 P - a potion of might {unknown}
Comestibles
 d - 23 rations


   Skills:
 + Level 8.4 Short Blades
 + Level 11.2 Dodging
 + Level 12.5 Stealth
 + Level 3.3 Shields
 + Level 9.7 Spellcasting
 - Level 3.0 Conjurations
 + Level 10.0 Hexes
 - Level 2.0 Ice Magic
 + Level 5.8 Evocations


You had 14 spell levels left.
You knew the following spells:

 Your Spells              Type           Power        Failure   Level  Hunger
a - Corona                Hex            #####..      1%          1    None
b - Ensorcelled Hibernat  Hex/Ice        ####..       1%          2    None
c - Tukima's Dance        Hex            #####...     1%          3    None
d - Dazzling Spray        Conj/Hex       ####..       2%          3    None
e - Summon Guardian Gole  Hex/Summ       ###.....     4%          3    None
f - Confuse               Hex            #####...     1%          3    None

Your spell library contained the following spells:

 Spells                   Type           Power        Failure   Level  Hunger
 Animate Skeleton         Necr           N/A          12%         1    None
 Beastly Appendage        Tmut           #.....       12%         1    None
 Pain                     Necr           #...         12%         1    None
 Summon Small Mammal      Summ           #...         12%         1    None
 Call Imp                 Summ           #.......     19%         2    None
 Sticks to Snakes         Tmut           #.......     19%         2    None
 Call Canine Familiar     Summ           #.......     36%         3    None
 Regeneration             Chrm/Necr      #.........   36%         3    None
 Spider Form              Tmut/Pois      #.........   36%         3    None
 Vampiric Draining        Necr           #.........   36%         3    None
 Ice Form                 Ice/Tmut       ##......     63%         4    ###....
 Summon Ice Beast         Ice/Summ       ##......     63%         4    ###....
 Animate Dead             Necr           N/A          77%         4    ###....
 Summon Lightning Spire   Summ/Air       #.......     77%         4    ###....
 Blade Hands              Tmut           #.........   98%         5    #####..


Dungeon Overview and Level Annotations

Branches:
Dungeon (9/15)             Temple (1/1) D:5            Lair (5/6) D:9
  Swamp (0/4) Lair:2        Snake (0/4) Lair:3      Volcano (1/1)
  Slime: Lair:5-6       Orc: D:9-12

Altars:
Ashenzari
Cheibriados
Dithmenos
Elyvilon
Fedhas
Gozag
Hepliaklqana
Kikubaaqudgha
Makhleb
Nemelex Xobeh
Okawaru
Qazlal
Ru
Sif Muna
Trog
Uskayaw
Vehumet
Wu Jian
Xom
Yredelemnul
Zin
The Shining One

Shops:
D:7 ([   D:9 =

Annotations:
Lair:3 Fannar


Innate Abilities, Weirdness & Mutations

You are very small and have problems with some larger weapons.
You are too small for most types of armour.
You have supernaturally acute eyesight. (SInv)
You are a herbivore.
You cover ground extremely quickly.
You need to consume almost no food.


Message History

Aim: a molten gargoyle, wielding a +0 mace of crushing (umbra)
The bolt of acid hits the molten gargoyle!
The molten gargoyle is splashed with acid.
The molten gargoyle is heavily damaged.
The molten gargoyle blasts magma at you!
The bolt of magma hits you.
Evoke which item? (* to show all) (? for menu, Esc to quit)
That's the wrong kind of item! (Use * to select it.) Evoke which item? (* to show all) (? for menu, Esc to quit)
Aiming: Corrosive Bolt
Press: ? - help, Shift-Dir - straight line, f/p - molten gargoyle
Aim: a molten gargoyle, wielding a +0 mace of crushing (moderately damaged, umbra)
The bolt of acid hits the molten gargoyle.
The molten gargoyle is splashed with acid.
The acid corrodes the molten gargoyle!
The molten gargoyle is severely damaged.
The molten gargoyle blasts magma at you!
The bolt of magma hits you!!
Ouch! That really hurt!
You die...

#.## ##..## #....#
### ##.≈≈.## ###
##..### #..≈≈≈.##
##.. #.....#
##.≈≈≈§E.####.).
#.9###..≈k.§§.##..#.#
###.##.≈≈≈.≈§.##.####
##@+####≈###'.####≈
#### ### ####≈§§≈
E≈≈≈☼≈ ..≈≈≈☼ ##.≈≈v
##.≈. ##.. ##


You could see a molten gargoyle.

Vanquished Creatures
  A lindwurm (Volcano)
  A cyclops (D:9)
  A toenail golem (Volcano)
  Psyche (D:9)
  6 spiny frogs
  2 molten gargoyles (Volcano)
  A troll (D:9)
  A polar bear (Lair:1)
  3 hippogriffs (Lair:2)
  A bog body (Lair:2)
  Sigmund (D:6)
  2 wyverns
  10 yaks
  A basilisk (Lair:2)
  A steam dragon (D:8)
  A hungry ghost (D:7)
  Menkaure (D:6)
  Edmund (D:6)
  2 wargs (D:9)
  2 hell hounds (Lair:3)
  3 water moccasins
  A soldier ant (D:9)
  2 porcupines (Lair:4)
  3 orc warriors
  A sky beast (D:6)
  An eye of draining (D:8)
  5 ogres
  3 centaurs
  11 wolves
  3 crocodiles
  8 bullfrogs
  An earth elemental (Volcano)
  3 gnoll sergeants
  A scorpion (D:8)
  8 wights
  4 howler monkeys
  7 crimson imps
  A bullfrog zombie (D:8)
  A centaur zombie (D:7)
  2 jellies (D:5)
  2 centaur skeletons
  7 hounds
  8 orc wizards
  3 orc priests
  3 gnoll shamans
  2 iguanas
  5 worker ants
  A hound skeleton (D:4)
  A hound zombie (D:5)
  7 adders
  19 gnolls
  An adder zombie (D:1)
  An adder skeleton (D:5)
  A worm (D:2)
  A leopard gecko (D:2)
  13 orcs
  4 bats
  A bat zombie (D:1)
  8 giant cockroaches
  2 goblins
  4 hobgoblins
  6 jackals
  3 kobolds (D:1)
  2 quokkas
  A frilled lizard (D:1)
  2 leopard gecko skeletons (D:4)
  A quokka skeleton (D:8)
  5 rats
223 creatures vanquished.

Vanquished Creatures (collateral kills)
  2 wights
  7 gnolls
  4 orcs
13 creatures vanquished.

Vanquished Creatures (others)
  4 dancing weapons
  A wight (D:9)
  A plant (Lair:3)
6 creatures vanquished.

Grand Total: 242 creatures vanquished

Notes
Turn   | Place    | Note
-------+----------+-------------------------------------------
     0 | D:1      | GrandHerb the Spriggan Enchanter began the quest for the
                  | Orb.
     0 | D:1      | Reached XP level 1. HP: 9/9 MP: 5/5
   206 | D:1      | Reached XP level 2. HP: 13/13 MP: 2/6
   211 | D:1      | Learned a level 2 spell: Ensorcelled Hibernation
  1264 | D:2      | Reached XP level 3. HP: 16/16 MP: 8/8
  1740 | D:3      | Reached skill level 5 in Stealth
  1872 | D:3      | Found a bloodstained altar of Trog.
  2093 | D:4      | Reached XP level 4. HP: 21/21 MP: 10/10
  2307 | D:4      | Reached XP level 5. HP: 24/24 MP: 4/11
  2471 | D:4      | Reached skill level 1 in Ice Magic
  3253 | D:4      | Reached XP level 6. HP: 28/28 MP: 13/13
  3393 | D:5      | Entered Level 5 of the Dungeon
  3408 | D:5      | Reached skill level 6 in Stealth
  3432 | D:5      | Reached skill level 5 in Hexes
  3560 | D:5      | Learned a level 3 spell: Tukima's Dance
  3567 | D:5      | Reached skill level 5 in Dodging
  3786 | D:5      | Reached XP level 7. HP: 32/32 MP: 14/14
  3960 | D:5      | Reached skill level 7 in Stealth
  3964 | D:5      | Reached skill level 5 in Spellcasting
  4099 | D:5      | Found a staircase to the Ecumenical Temple.
  4108 | Temple   | Entered the Ecumenical Temple
  4211 | Temple   | Became a worshipper of Dithmenos the Shadowed
  4959 | D:6      | Noticed Sigmund
  4965 | D:6      | Killed Sigmund
  4965 | D:6      | Reached XP level 8. HP: 36/36 MP: 17/17
  4968 | D:6      | Reached skill level 8 in Stealth
  5011 | D:6      | Noticed Menkaure
  5442 | D:6      | Noticed Edmund
  5446 | D:6      | Killed Edmund
  5446 | D:6      | Reached skill level 5 in Short Blades
  5906 | D:6      | Killed Menkaure
  5906 | D:6      | Reached skill level 9 in Stealth
  6110 | D:7      | Found a blossoming altar of Fedhas.
  6119 | D:7      | Found an iron altar of Okawaru.
  6121 | D:7      | Found a glowing golden altar of the Shining One.
  6123 | D:7      | Found a sacrificial altar of Ru.
  6133 | D:7      | Reached * piety under Dithmenos
  6133 | D:7      | Reached XP level 9. HP: 39/39 MP: 9/19
  6868 | D:7      | Found Qitasu's Antique Weapon Shop.
  6941 | D:6      | Learned a level 3 spell: Dazzling Spray
  7195 | D:7      | Reached skill level 10 in Stealth
  7567 | D:7      | Paralysed by a gnoll for 2 turns
  7664 | D:7      | Found Titavonu's Antique Armour Shoppe.
  7711 | D:7      | Reached skill level 1 in Conjurations
  8007 | D:8      | Reached ** piety under Dithmenos
  8259 | D:8      | Learned a level 3 spell: Summon Guardian Golem
  8387 | D:8      | Reached XP level 10. HP: 44/44 MP: 12/23
  8716 | D:9      | Got a spiked buckler
  8722 | D:9      | Identified the +1 buckler of Grottiness {*Corrode +Inv
                  | Slay+3} (You found it on level 9 of the Dungeon)
  8729 | D:9      | Found Zef Peats's Jewellery Shoppe.
  8733 | D:9      | Noticed a cyclops
  8740 | D:9      | Killed a cyclops
  8740 | D:9      | Reached skill level 1 in Evocations
  8795 | D:9      | Noticed Psyche
  8802 | D:9      | Killed Psyche
  8870 | D:9      | Reached skill level 11 in Stealth
  8870 | D:9      | Reached skill level 1 in Shields
  9173 | D:9      | Reached skill level 10 in Dodging
  9496 | D:9      | Found a staircase to the Lair.
  9503 | D:9      | Reached *** piety under Dithmenos
  9666 | Lair:1   | Entered Level 1 of the Lair of Beasts
  9949 | Lair:1   | Noticed a spiny frog
  9969 | Lair:1   | Killed a spiny frog
  9969 | Lair:1   | Reached XP level 11. HP: 33/47 MP: 10/24
 10082 | Lair:1   | Learned a level 3 spell: Confuse
 10520 | Lair:2   | Found a staircase to the Swamp.
 10627 | Lair:2   | Reached skill level 12 in Stealth
 10932 | Lair:2   | Reached skill level 5 in Evocations
 11119 | Lair:3   | Noticed Fannar
 11119 | Lair:3   | You fall into a shaft and drop 2 floors!
 11415 | Lair:3   | Found a staircase to the Snake Pit.
 11460 | Lair:3   | Found a dark tunnel.
 11465 | Lair:3   | Reached **** piety under Dithmenos
 11475 | Volcano  | Entered a volcano
 11499 | Volcano  | Noticed a lindwurm
 11499 | Volcano  | Noticed a lindwurm
 11603 | Volcano  | Killed a lindwurm
 11603 | Volcano  | Reached skill level 10 in Hexes
 11624 | Volcano  | Killed from afar by a molten gargoyle

Levels and vault maps discovered:
D:1:      saegor_arrival_fortress, layout_rooms
D:2:      layout_loops_cross, serial_bayou, serial_bayou_crossing,
          serial_bayou_pond_a, serial_bayou_ford_a, serial_bayou_lake_a
D:3:      layout_rooms, trog_book
D:4:      layout_loops_ring, serial_park_tiny_pond,
          kennysheep_opposing_triangles
D:5:      layout_basic, lemuel_temple_firewalk_b, first_ration
D:6:      layout_basic, uniq_edmund, uniq_menkaure, uniq_sigmund
D:7:      layout_cave_pools, grunt_temple_overflow_open, serial_gnoll_camp,
          gnoll_camp_mini_hut, gnoll_camp_mini_shop, gnoll_camp_mini_shop,
          gnoll_camp_medium_02, gnoll_camp_mini_house
D:8:      layout_loops_corners
D:9:      layout_basic, erik_lair_orcish_takeover, serial_shops,
          nicolae_shop_trees, uniq_psyche
Temple:   dpeg_five_rooms_temple
Lair:1:   layout_hall_layers
Lair:2:   layout_regular_city, skrybe_swamp_entry_bodies
Lair:3:   layout_hall_layers, guppyfry_snake_entry_garden, enter_volcano_3,
          uniq_fannar, uniq_snorg, uniq_nergalle
Lair:4:   layout_gridlike
Lair:5:   layout_regular_city
Volcano:  volcano_aerie

Skill      XL: |  1  2  3  4  5  6  7  8  9 10 11 |
---------------+----------------------------------+-----
Spellcasting   | 3 4 5 6 8 9 |  9.7
Hexes          | 4 5 6 7 8 9 10 | 10.0
Stealth        | 5 6 7 9 10 11 12 | 12.5
Short Blades   | 2 3 4 5 6 7 8 |  8.4
Dodging        | 4 5 6 7 9 10 11 | 11.2
Ice Magic      | 1 2 |  2.0
Conjurations   | 1 3 |  3.0
Evocations     | 3 5 |  5.8
Shields        | 2 3 |  3.3

Action                   |  1- 3 |  4- 6 |  7- 9 | 10-12 || total
-------------------------+-------+-------+-------+-------++-------
Melee: Dagger            |   114 |    78 |   345 |   178 ||   715
Throw: Boomerang         |       |       |     1 |       ||     1
 Cast: Corona            |     6 |     9 |    21 |       ||    36
       Ensorcelled Hiber |    29 |    15 |    82 |    62 ||   188
       Tukima's Dance    |       |       |    24 |     9 ||    33
       Dazzling Spray    |       |       |     9 |    23 ||    32
       Summon Guardian G |       |       |     1 |     1 ||     2
       Confuse           |       |       |       |    11 ||    11
 Abil: Evoke Invisibilit |       |       |       |     1 ||     1
       Evoke Flight      |       |       |       |     1 ||     1
Evoke: Wand              |       |       |    13 |     4 ||    17
  Use: Scroll            |     4 |     1 |     4 |     4 ||    13
       Potion            |       |       |     2 |     2 ||     4
 Stab: Sleeping          |    26 |    18 |    61 |    48 ||   153
       Invisible         |       |       |     6 |     6 ||    12
       Distracted        |       |       |     4 |     6 ||    10
       Confused          |       |       |       |     2 ||     2
  Eat: Ration            |     1 |     1 |     3 |     2 ||     7
Armor: Robe              |    18 |    10 |    21 |     5 ||    54
Dodge: Dodged            |   103 |    60 |   334 |   148 ||   645
Block: Buckler           |       |       |       |    72 ||    72

Table legend:
 A = Non-vault XP
 B = Vault XP
 C = Vault XP percentage of total XP
 D = Non-vault monster count
 E = Vault monster count
 F = Vault count percentage of total count
                 A         B        C        D         E       F
            +---------+---------+-------+---------+---------+-------
      Total |   14620 |    4951 |  25.3 |     184 |      53 |  22.4
            +---------+---------+-------+---------+---------+-------
        D:1 |      21 |       8 |  27.6 |      13 |       2 |  13.3
        D:2 |      25 |       0 |   0.0 |      12 |       0 |   0.0
        D:3 |      19 |       0 |   0.0 |       9 |       0 |   0.0
        D:4 |     311 |       7 |   2.2 |      11 |       4 |  26.7
        D:5 |     905 |       0 |   0.0 |      20 |       0 |   0.0
        D:6 |     786 |     727 |  48.1 |      14 |       5 |  26.3
        D:7 |    1276 |     500 |  28.2 |      26 |      23 |  46.9
        D:8 |    1182 |       0 |   0.0 |      22 |       0 |   0.0
        D:9 |    2526 |    1103 |  30.4 |      18 |      11 |  37.9
     Lair:1 |    2990 |       0 |   0.0 |      15 |       0 |   0.0
     Lair:2 |    3656 |     257 |   6.6 |      20 |       1 |   4.8
     Lair:3 |     230 |     296 |  56.3 |       1 |       2 |  66.7
     Lair:4 |     693 |       0 |   0.0 |       3 |       0 |   0.0
    Volcano |       0 |    2053 | 100.0 |       0 |       5 | 100.0
            +---------+---------+-------+---------+---------+-------
